 Dungeon Crawl Stone Soup version 0.31.0-32-g396128a36d (webtiles) character file.

Game seed: 15144416875756409367

15692 Immortalist the Cleaver (level 12, -5/92 HPs)
             Began as a Demonspawn Gladiator on Apr 13, 2024.
             Slain by a slime creature (15 damage)
             ... on level 12 of the Dungeon.
             The game lasted 00:59:45 (9832 turns).

Immortalist the Cleaver (Demonspawn Gladiator)      Turns: 9832, Time: 00:59:45

Health: -5/92      AC: 15    Str: 25    XL:     12   Next: 3%
Magic:  18/18      EV:  8    Int: 13    God:
Gold:   796        SH: 15    Dex: 18    Spells: 11/11 levels left

rFire   . . .        S - +0 broad axe
rCold   . . .        T - +0 tower shield
rNeg    . . .        v - +0 plate armour
rPois   .            c - +0 helmet
rElec   .            (no cloak)
rCorr   .            (no gloves)
SInv    .            O - +0 pair of boots
Will    +....        p - amulet of the Jester {Regen+ Int+5 Dex+2} Stlth
                     U - +6 ring of strength
HPRegen 1.15/turn    E - ring of willpower
MPRegen 0.16/turn

%: no passive effects
@: no status effects
A: repulsion field 1, ignite blood 1, powered by pain 2, bedeviling, weakness
stinger 2
a: no special abilities


You were on level 12 of the Dungeon.
You visited 2 branches of the dungeon, and saw 13 of its levels.
You also visited: Bailey.

You collected 796 gold pieces.

Inventory:

Hand Weapons
 S - a +0 broad axe (weapon)
Missiles
 d - 4 throwing nets
 o - 28 poisoned darts
 F - a javelin
 G - 30 boomerangs (quivered)
 N - 2 curare-tipped darts
Armour
 c - a +0 helmet (worn)
 v - a +0 plate armour (worn)
 O - a +0 pair of boots (worn)
 T - a +0 tower shield (worn)
Jewellery
 g - a ring of poison resistance
 h - a ring of ice
 p - the amulet of the Jester (around neck) {Regen+ Int+5 Dex+2}
   (You found it on level 2 of the Dungeon)

   [amulet of regeneration]

   Int+5:     It affects your intelligence (+5).
   Dex+2:     It affects your dexterity (+2).
   Regen+:    It increases your rate of health regeneration.
 E - a ring of willpower (right hand)
 U - a +6 ring of strength (left hand)
Wands
 a - a wand of charming (3)
 e - a wand of mindburst (26)
 n - a wand of digging (10)
 w - a wand of iceblast (2)
 L - a wand of polymorph (16)
Scrolls
 r - 5 scrolls of teleportation
 s - 3 scrolls of fog
 u - a scroll of silence
 y - 2 scrolls of enchant weapon {unknown}
 z - 2 scrolls of torment {unknown}
 A - 3 scrolls of poison {unknown}
 B - 6 scrolls of butterflies {unknown}
 C - a scroll of enchant armour {unknown}
 H - a scroll of revelation {unknown}
 I - 2 scrolls of fear {unknown}
 P - 2 scrolls of vulnerability {unknown}
 V - a scroll of blinking {unknown}
Potions
 b - 5 potions of curing
 f - 8 potions of enlightenment
 j - 7 potions of ambrosia
 k - a potion of magic {unknown}
 l - 5 potions of mutation {unknown}
 m - 4 potions of might {unknown}
 q - a potion of invisibility {unknown}
 t - 2 potions of cancellation {unknown}
 x - 2 potions of haste {unknown}
 D - 5 potions of heal wounds {unknown}
 J - a potion of attraction {unknown}
 K - a potion of degeneration {unknown}
 M - a potion of berserk rage {unknown}
 Q - a potion of resistance {unknown}
 R - a potion of experience


   Skills:
 * Level 7.6 Fighting
 * Level 10.8 Axes
 * Level 6.3 Throwing
 * Level 5.9 Armour
 - Level 2.6 Dodging
 + Level 0.7 Stealth
 * Level 6.1 Shields
 * Level 8.2 Invocations
 * Level 5.6 Evocations


You had 11 spell levels left.
You didn't know any spells.
Your spell library contained the following spells:

 Spells                   Type           Power      Damage    Failure   Level
 Shock                    Conj/Air       0%         1d3       100%        1
 Swiftness                Air            0%         N/A       100%        3
 Tukima's Dance           Hex            0%         N/A       100%        3
 Airstrike                Air            0%         2d(0-16)  100%        4
 Olgreb's Toxic Radiance  Alch           0%         N/A       100%        4
 Passage of Golubria      Tloc           0%         N/A       100%        4
 Yara's Violent Unravell  Hex/Alch       0%         3d3       100%        5
 Ozocubu's Refrigeration  Ice            0%         4d7       100%        7
 Discord                  Hex            0%         N/A       100%        8


Dungeon Overview and Level Annotations

Branches:
Dungeon (11/15)            Temple (1/1) D:6            Lair (0/5) D:10
 Bailey (visited)
    Orc: D:9-12

Altars:
Ashenzari
Cheibriados
Dithmenos
Fedhas
Gozag
Hepliaklqana
Kikubaaqudgha
Makhleb
Nemelex Xobeh
Okawaru
Qazlal
Ru
Sif Muna
Trog
Uskayaw
Vehumet
Wu Jian
Xom
Yredelemnul


Innate Abilities, Weirdness & Mutations

You are surrounded by a mild repulsion field. (EV +2)
Your demonic aura sometimes causes spilled blood to erupt in flames.
You sometimes gain power by taking damage.
Your hexes are more powerful.
You have a tail ending in a sharp stinger.


Message History

The large slime creature is severely wounded.
You hit the slime creature.
The slime creature hits you but does no damage.
The large slime creature hits you!!
* * * LOW HITPOINT WARNING * * *
You block the large slime creature's attack.
The slime creature hits you!
* * * LOW HITPOINT WARNING * * *
Press: ? - help, v - describe, . - travel
Here: a large slime creature (flame, severely wounded)
The floor, spattered with blood.
Okay, then.
Okay, then.
Okay, then.
Press: ? - help, v - describe, . - travel
Here: a large slime creature (flame, severely wounded)
The floor, spattered with blood.
Okay, then.
Aiming: Mindburst
Press: ? - help, Shift-Dir - straight line, f/p - large slime creature
Aim: a large slime creature (flame, severely wounded, not susceptible)
Okay, then.
Aiming: Corrosive Bolt
Press: ? - help, Shift-Dir - straight line, f/p - large slime creature
Aim: a large slime creature (flame, severely wounded, 94% to hit)
The bolt of acid hits the large slime creature!
The acid corrodes the large slime creature!
The large slime creature is almost dead.
The now-empty wand crumbles to dust.
The slime creature closely misses you.
The large slime creature is engulfed in blazing flames.
The large slime creature closely misses you.
Press: ? - help, v - describe, . - travel
Here: a large slime creature (flame, almost dead, covered in acid)
The floor, spattered with blood.
Okay, then.
Okay, then.
You slice the large slime creature!!
You kill the large slime creature!
You hit the slime creature. The slime creature hits you!
You die...

##. #.. ..
#... ...
#...# #...
#...# #...#
#...##
#...#
#...##
#!..#
#...###°..#
##...#@J.#
##.....##
##...##
##'## #..#
#.##
.######.##
.........#
########.#


You could see a slime creature.

Vanquished Creatures
  An orc warlord (Bailey)
  Erolcha (D:9)
  A two-headed ogre (D:12)
  Pikel (D:5)
  2 ugly things
  A deep elf pyromancer (D:8)
  A meliai (D:8)
  Joseph (D:8)
  A slime creature (D:12)
  2 unseen horror zombies (D:9)
  A queen bee (D:10)
  3 hornets
  Grinder (D:3)
  Sigmund (D:4)
  2 shadows
  3 wyverns
  A ynoxinul (D:10)
  2 steam dragons
  14 yaks (D:10)
  Grum (D:6)
  2 water moccasins (D:9)
  8 orc warriors
  A sky beast (D:7)
  An ice beast (D:7)
  2 black bears
  2 ogres
  4 centaurs
  A lemure (D:5)
  A phantom (D:4)
  3 kobold brigands
  4 bullfrogs
  4 gnoll sergeants
  5 scorpions
  4 wights (D:7)
  28 killer bees
  An electric eel (D:10)
  6 howler monkeys
  2 jellies (D:8)
  5 centaur zombies (D:9)
  3 orc priests
  2 bombardier beetles
  15 hounds
  Crazy Yiuf (D:7)
  A gnoll bouda (D:6)
  2 sleepcaps
  Jessica (D:3)
  5 iguanas
  3 orc wizards
  3 howler monkey zombies (D:9)
  Robin (D:4)
  7 adders
  29 gnolls
  2 white imps (D:7)
  5 ufetubi (D:10)
  3 ribbon worms
  4 dart slugs
  27 orcs
  6 ball pythons
  9 endoplasms
  11 giant cockroaches
  21 goblins
  10 hobgoblins
  11 jackals
  7 quokkas
  6 bats
  A frilled lizard (D:2)
  29 kobolds
  8 rats
358 creatures vanquished.

Vanquished Creatures (others)
  A ynoxinul (D:10)
  An ufetubus (D:10)
2 creatures vanquished.

Grand Total: 360 creatures vanquished

Notes
Turn   | Place    | Note
-------+----------+-------------------------------------------
     0 | D:1      | Immortalist the Demonspawn Gladiator began the quest for
                  | the Orb.
     0 | D:1      | Reached XP level 1. HP: 16/16 MP: 1/1
     1 | D:1      | Found a runed translucent door.
    17 | D:1      | Reached skill level 3 in Axes
    17 | D:1      | Gained mutation: You are surrounded by a mild repulsion
                  | field. (EV +2) [demonic ancestry]
    17 | D:1      | Reached XP level 2. HP: 17/22 MP: 2/2
   203 | D:1      | Reached XP level 3. HP: 20/27 MP: 3/3
   825 | D:2      | Reached skill level 1 in Shields
   873 | D:2      | Found a faded altar of an unknown god.
  1156 | D:2      | Identified the amulet of the Jester {Regen+ Int+5 Dex+2}
  1366 | D:2      | Reached XP level 4. HP: 33/34 MP: 4/4
  1677 | D:3      | Reached skill level 1 in Invocations
  1778 | D:3      | Noticed Jessica
  1788 | D:3      | Killed Jessica
  1789 | D:3      | Reached skill level 1 in Armour
  1789 | D:3      | Reached skill level 1 in Evocations
  1794 | D:3      | Identified the +1 leather armour of the Sky {Str+2}
  1863 | D:3      | Noticed Grinder
  1868 | D:3      | Paralysed by Grinder for 2 turns
  1879 | D:3      | Killed Grinder
  1880 | D:3      | Reached skill level 4 in Axes
  1880 | D:3      | Gained mutation: You have a small tail. [demonic ancestry]
  1880 | D:3      | Reached XP level 5. HP: 20/40 MP: 4/6
  1880 | D:3      | Gained mutation: You sometimes gain a little power by
                  | taking damage. [demonic ancestry]
  1880 | D:3      | Reached XP level 6. HP: 23/46 MP: 4/7
  2111 | D:3      | Found a sacrificial altar of Ru.
  2111 | D:3      | Found an opulent altar of Gozag.
  2202 | D:4      | Reached skill level 5 in Axes
  2211 | D:4      | Found a shimmering blue altar of Sif Muna.
  2273 | D:4      | Gained mutation: You have a tail ending in a sharp stinger.
                  | [demonic ancestry]
  2273 | D:4      | Reached XP level 7. HP: 35/52 MP: 8/8
  2373 | D:4      | Found a stormy altar of Qazlal.
  2404 | D:4      | Noticed Robin
  2409 | D:4      | Killed Robin
  2556 | D:4      | Noticed Sigmund
  2608 | D:4      | Killed Sigmund
  2877 | D:5      | Entered Level 5 of the Dungeon
  2905 | D:5      | Reached skill level 6 in Axes
  2958 | D:5      | Gained mutation: You sometimes gain power by taking damage.
                  | [demonic ancestry]
  2958 | D:5      | Reached XP level 8. HP: 46/60 MP: 10/10
  3223 | D:5      | Found a hide-covered altar of Uskayaw.
  3630 | D:5      | Noticed Pikel
  3669 | D:5      | Killed Pikel
  3670 | D:5      | Reached skill level 7 in Axes
  3931 | D:6      | Gained mutation: Your hexes are more powerful. [demonic
                  | ancestry]
  3931 | D:6      | Reached XP level 9. HP: 37/65 MP: 12/12
  4089 | D:6      | Found a staircase to the Ecumenical Temple.
  4097 | Temple   | Entered the Ecumenical Temple
  4223 | D:6      | Noticed Grum
  4235 | D:6      | Killed Grum
  4550 | D:7      | Reached skill level 5 in Fighting
  4715 | D:7      | Reached skill level 8 in Axes
  4968 | D:7      | Reached skill level 5 in Invocations
  5213 | D:7      | Found a bloodstained altar of Trog.
  5251 | D:7      | Found a runed translucent door.
  5252 | D:7      | Noticed Crazy Yiuf
  5259 | D:7      | Killed Crazy Yiuf
  5533 | D:7      | Gained mutation: Your demonic aura sometimes causes spilled
                  | blood to erupt in flames. [demonic ancestry]
  5533 | D:7      | Reached XP level 10. HP: 75/75 MP: 14/14
  5813 | D:8      | Noticed a deep elf pyromancer
  5908 | D:8      | Killed a deep elf pyromancer
  5943 | D:8      | Noticed a meliai
  5957 | D:8      | HP: 1/76 [meliai/divine providence (7)]
  5959 | D:8      | Killed a meliai
  6063 | D:8      | Noticed a purple ugly thing
  6082 | D:8      | Reached skill level 5 in Throwing
  6222 | D:8      | Killed a purple ugly thing
  6541 | D:8      | Reached skill level 9 in Axes
  6561 | D:8      | Noticed Joseph
  6649 | D:8      | Killed Joseph
  6922 | D:9      | Reached skill level 5 in Armour
  6940 | D:9      | Reached skill level 5 in Shields
  6941 | D:9      | Found a basalt altar of Yredelemnul.
  6965 | D:9      | Noticed a two-headed ogre
  7130 | D:9      | Found an ornate altar of the Wu Jian Council.
  7156 | D:9      | Noticed Erolcha
  7162 | D:9      | Reached XP level 11. HP: 83/83 MP: 16/16
  7165 | D:9      | Killed Erolcha
  8008 | D:10     | Entered Level 10 of the Dungeon
  8059 | D:10     | Reached skill level 10 in Axes
  8067 | D:10     | Found a flagged portal.
  8076 | Bailey   | Entered a bailey
  8081 | Bailey   | Noticed an orc warlord
  8167 | Bailey   | Reached skill level 5 in Evocations
  8251 | Bailey   | Found a runed translucent gate.
  8253 | Bailey   | Found a runed translucent gate.
  8255 | Bailey   | Found a runed translucent gate.
  8389 | Bailey   | Killed an orc warlord
  9244 | D:10     | Found a staircase to the Lair.
  9459 | D:10     | Found a blossoming altar of Fedhas.
  9500 | D:10     | Noticed a brown ugly thing
  9509 | D:10     | Killed a brown ugly thing
  9743 | D:11     | You fall into a shaft and drop 1 floor!
  9758 | D:12     | Noticed a two-headed ogre
  9772 | D:12     | Killed a two-headed ogre
  9773 | D:12     | Reached XP level 12. HP: 79/92 MP: 18/18
  9832 | D:12     | Slain by a slime creature

Illustrated notes

Levels and vault maps discovered:
D:1:      dpeg_arrival_caged_fury, layout_basic, minmay_tetromino_l2
D:2:      layout_loops_ring, ebering_ecumenical_altar_webs,
          minmay_randomly_rotated_circles
D:3:      layout_basic, nicolae_overflow_two_pavilions, uniq_jessica,
          uniq_grinder
D:4:      layout_rooms, mainiacjoe_overflow_24_doors,
          mainiacjoe_overflow_alcove_2, chequers_mini_garden, minmay_surrounded,
          uniq_sigmund, uniq_robin
D:5:      layout_basic, nicolae_uskayaw_dance_hall, uniq_pikel
D:6:      layout_cave_pools, minmay_temple_entry_large_hall, serial_gnoll_camp,
          gnoll_camp_mini_doghouse, gnoll_camp_mini_basic, gnoll_camp_mini_hut,
          gnoll_camp_mini_doghouse, grums_kennel
D:7:      layout_basic, kennysheep_little_box, uniq_crazy_yiuf_cottage
D:8:      layout_gridville, kb_rosetta, uniq_joseph
D:9:      layout_basic, nicolae_yredelemnul_corpse_copse,
          mainiacjoe_overflow_surrounded_room,
          mainiacjoe_overflow_cross_hatched, general_overflow_altar,
          serial_curves, eino_curves_01, eino_curves_02, uniq_erolcha
D:10:     layout_loops_ring, amcnicky_altar_gilded, lair_entry_dummy,
          enter_bailey_8, special_room [special_room_bee],
          minmay_splitting_lines, nicolae_fort_ynox
D:11:     layout_stronghold, orc_david_3
D:12:     layout_loops_ring, kennysheep_diamond, kennysheep_just_a_vault
Temple:   chequers_temple_sunken

Skill      XL: |  1  2  3  4  5  6  7  8  9 10 11 |
---------------+----------------------------------+-----
Axes           | 3 4 5 6 7 8 9 10 | 10.8
Throwing       | 2 3 4 5 6 |  6.3
Shields        | 1 2 4 5 6 |  6.1
Invocations    | 1 2 3 4 5 6 8 |  8.2
Armour         | 1 2 3 4 5 |  5.9
Evocations     | 1 2 3 4 5 |  5.6
Fighting       | 3 4 5 6 7 |  7.6
Dodging        | |  2.6
Stealth        | |  0.7

Action                     |  1- 3 |  4- 6 |  7- 9 | 10-12 || total
---------------------------+-------+-------+-------+-------++-------
  Melee: War axe           |   114 |    81 |   422 |   383 ||  1000
         Tailslap          |       |     3 |    53 |   113 ||   169
         Broad axe         |       |       |       |   217 ||   217
  Throw: Throwing net      |       |     3 |     3 |       ||     6
         Dart              |       |       |     7 |    49 ||    56
         Javelin           |       |       |     1 |     1 ||     2
         Boomerang         |       |       |       |    22 ||    22
  Evoke: Wand              |       |     2 |     2 |     8 ||    12
    Use: Scroll            |       |       |     5 |     2 ||     7
         Potion            |       |       |     1 |       ||     1
   Stab: Sleeping          |       |       |     2 |       ||     2
         Held in net/web   |       |       |     1 |       ||     1
 Armour: Leather armour    |    80 |    53 |   229 |    48 ||   410
         Plate armour      |       |       |       |   584 ||   584
  Dodge: Dodged            |    97 |    71 |   303 |   258 ||   729
  Block: Buckler           |     4 |    17 |    55 |       ||    76
         Kite shield       |       |       |   120 |   439 ||   559
         Tower shield      |       |       |       |    15 ||    15
